 Dungeon Crawl Stone Soup version 0.26.0-10-g1f06aea511 (webtiles) character file.

Game seed: 5656667791097751747

32366 MajorAdolf the Carver (level 13, -7/123 HPs)
             Began as a Naga Wanderer on Jan 16, 2021.
             Was an Initiate of Gozag.
             Killed from afar by a salamander mystic (28 damage)
             ... with a lance of force
             ... in a volcano.
             The game lasted 00:43:34 (23805 turns).

MajorAdolf the Carver (Naga Wanderer)              Turns: 23805, Time: 00:43:35

Health: -7/123     AC: 24    Str: 17    XL:     13   Next: 64%
Magic:  31/31      EV:  0    Int: 17    God:    Gozag
Gold:   639        SH: 20    Dex: 12    Spells: 23/28 levels left

rFire    . . .     SeeInvis +   J - +4 long sword (curse)
rCold    + . .     Faith    .   h - +0 tower shield
rNeg     . . .     Spirit   .   C - +8 orange crystal plate armour {Archmagi, Int+3 Clar}
rPois    +         Reflect  +   e - +0 helmet
rElec    +         Harm     .   (no cloak)
rCorr    .         Rampage  .   o - +0 pair of gloves
Will     +....     Clarity  +   (no barding)
Stlth    ..........             a - amulet of reflection
HPRegen  0.30/turn              I - ring of Qagied {Wiz +Inv rElec MP+9 Str-2}
MPRegen  0.22/turn              E - ring of protection from cold

@: mighty, very slow
A: large, see invisible, agile 1, deformed body, low mp 1, poison resistance,
slowness 2, spit poison 2, constrict 1, sturdy frame 1, AC +4
a: Breathe Poison Gas, Breathe Poison Gas, Renounce Religion, Evoke
Invisibility, Potion Petition, Call Merchant, Bribe Branch


You were in a volcano.
You worshipped Gozag.
Gozag was pleased with you.
You visited 3 branches of the dungeon, and saw 17 of its levels.
You also visited: Sewer, Ice Cave and Volcano.

You collected 1060 gold pieces.
You paid 421 gold pieces to Gozag.

Inventory:

Hand Weapons
 J - a cursed +4 long sword (weapon)
Armour
 e - a +0 helmet (worn)
 h - a +0 tower shield (worn)
 o - a +0 pair of gloves (worn)
 C - the +8 orange crystal plate armour (worn) {Archmagi, Int+3 Clar}
   (You found it on level 10 of the Dungeon)

   It affects your intelligence (+3).
   It protects you against confusion.
 K - a +2 plate armour of cold resistance
Magical Staves
 x - an uncursed staff of poison
 D - an uncursed staff of conjuration
Jewellery
 a - an amulet of reflection (around neck)
 b - a +6 ring of intelligence
 d - an uncursed ring of ice
 B - an uncursed ring of willpower
 E - a ring of protection from cold (right hand)
 I - the ring of Qagied (left hand) {Wiz +Inv rElec MP+9 Str-2}
   (You took it off an orc sorcerer on level 10 of the Dungeon)

   [ring of wizardry]

   It improves your spell success rate.
   It affects your strength (-2).
   It insulates you from electricity.
   It affects your magic capacity (+9).
   It lets you turn invisible.
Wands
 g - a wand of iceblast (13)
 i - a wand of flame (6)
 t - a wand of random effects (35)
 y - a wand of enslavement (18)
Scrolls
 k - 5 scrolls of amnesia
 n - a scroll of fear
 s - 8 scrolls of remove curse
 v - 2 scrolls of enchant armour
 w - 2 scrolls of identify
 G - 2 scrolls of fog
Potions
 c - a potion of flight
 f - 2 potions of curing
 j - 3 potions of might
 l - 2 potions of resistance
 p - a potion of cancellation
 q - 2 potions of haste
 r - 2 potions of brilliance
 u - 4 potions of degeneration
Miscellaneous
 A - a lightning rod (3/4)


   Skills:
 - Level 10.0 Fighting
 - Level 12.4 Long Blades
 - Level 5.0 Armour
 - Level 5.0 Dodging
 - Level 3.0 Stealth
 * Level 6.5 Shields
 + Level 8.4 Spellcasting
 + Level 5.2 Conjurations
 - Level 5.0 Summonings
 - Level 5.0 Ice Magic


You had 23 spell levels left.
You knew the following spells:

 Your Spells              Type           Power        Failure   Level
a - Summon Ice Beast      Ice/Summ       36%          100%        4
b - Magic Dart            Conj           100%         98%         1

Your spell library contained the following spells:

 Spells                   Type           Power        Failure   Level
 Freeze                   Ice            100%         99%         1
 Call Imp                 Summ           36%          99%         2
 Blink                    Tloc           N/A          100%        2
 Slow                     Hex            10%          100%        2
 Conjure Flame            Conj/Fire      24%          100%        3
 Frozen Ramparts          Ice            72%          100%        3
 Mephitic Cloud           Conj/Pois/Air  19%          100%        3
 Ozocubu's Armour         Ice            36%          100%        3
 Hailstorm                Conj/Ice       36%          100%        4
 Malign Gateway           Summ/Tloc      11%          100%        7
 Monstrous Menagerie      Summ           18%          100%        7
 Summon Greater Demon     Summ           18%          100%        7
 Summon Horrible Things   Summ           18%          100%        8


Dungeon Overview and Level Annotations

Branches:
Dungeon (15/15)            Temple (1/1) D:7            Lair (1/6) D:9
 Vaults (0/5) D:14          Sewer (visited)           IceCv (visited)
Volcano (1/1)
    Orc: D:9-12      Depths: D:15

Altars:
Ashenzari
Cheibriados
Dithmenos
Elyvilon
Fedhas
Gozag
Hepliaklqana
Kikubaaqudgha
Makhleb
Nemelex Xobeh
Okawaru
Qazlal
Ru
Sif Muna
Trog
Uskayaw
Vehumet
Wu Jian
Xom
Yredelemnul
Zin
The Shining One

Shops:
D:12 [

Annotations:
D:14 2 transporters, Kilet's ghost, adept GrEE; Kirke Volcano exclusion: obsidian statue


Innate Abilities, Weirdness & Mutations

You cannot wear boots.
Your serpentine skin is tough. (AC +4)
You have supernaturally acute eyesight. (SInv)
Armour fits poorly on your strangely shaped body.
Your system is resistant to poisons. (rPois)
You cover ground very slowly.
You can exhale a cloud of poison.
You can use your snake-like lower body to constrict enemies.
You are agile. (Dex +2)
Your magical capacity is low. (-10% MP)
Your movements are slightly less encumbered by armour. (ER -2)


Message History

You block the ice devil's attack.
Unknown command.
You hit the obsidian statue.
The obsidian statue is heavily damaged.
You constrict the obsidian statue.
The ufetubus hits you but does no damage. x2
You block the salamander's attack.
You block the salamander mystic's attack.
The quasit bites you but does no damage.
The quasit claws you but does no damage. x2
The ice devil hits you but does no damage.
You block the salamander's attack.
You slash the obsidian statue!
The obsidian statue is heavily damaged.
You constrict the obsidian statue, but do no damage.
The salamander seems to regain its courage.
The salamander mystic casts a spell at you.
The lance of force hits you!!
You die...
Your body crumbles into a pile of gold.

#...≈§≈§.......#
##...≈≈..##...##
#......###8.8#
###...## ##.##
##..# #.# ####
#'######## #####
#........##
##5p8##########..#
#$5N@N#☼#≈#°#☼##.#
#.54#5#☼#≈#°#☼##.#
#...#.#☼#☼#☼#☼#..#
#[/[##.°°°°°°☼.#8#
#!_! #○#°#°#°#≈###
#N() #○#≈#°#○#≈#
##∩. #≈#≈#°#○#≈#
### ###########


You could see an obsidian statue, a hell knight, a salamander mystic, 2
salamanders, an ice devil (summoned), a quasit (summoned), a white imp
(summoned), a shadow imp (summoned, expiring) and an ufetubus (summoned).

Vanquished Creatures
  A stone giant (D:10)
  4 vault guards (D:14)
  An ogre mage (D:13)
  2 hydras (D:14)
  A centaur warrior (D:13)
  5 two-headed ogres
  A tengu warrior (D:14)
  Urug (D:13)
  An unseen horror (D:10)
  4 deep elf magi
  An orc sorcerer (D:10)
  8 ugly things
  2 cyclopes (D:14)
  2 centaur skeletons
  An efreet (D:14)
  A yaktaur (D:15)
  4 kobold demonologists
  A tengu conjurer (D:14)
  3 slime creatures
  Sigmund (D:3)
  A wyvern (D:11)
  2 shadows
  3 wraiths
  2 hogs (D:14)
  A basilisk (D:13)
  7 fire bats (Volcano)
  12 yaks
  2 wargs (D:9)
  2 acid dragons
  2 water moccasins
  A soldier ant (D:14)
  A black bear (D:10)
  3 orc warriors
  4 sky beasts
  2 necrophages
  11 ice beasts
  7 ogres
  3 phantoms
  6 centaurs
  A bullfrog (shapeshifter) (D:10)
  4 big kobolds
  9 bullfrogs
  A wyvern zombie (D:11)
  A water moccasin skeleton (D:11)
  A scorpion (D:6)
  11 killer bees
  9 wights
  A howler monkey (D:4)
  8 lava snakes (Volcano)
  3 jellies
  2 bullfrog zombies
  9 orc priests
  8 hounds
  2 bullfrog skeletons (D:6)
  6 iguanas
  12 orc wizards
  6 worker ants
  2 worker ant zombies
  17 adders
  A shadow imp (D:5)
  4 white imps
  2 ufetubi
  8 oozes (D:7)
  2 adder zombies
  4 worms
  2 dart slugs
  15 leopard geckos
  32 orcs
  6 giant cockroaches
  5 goblins
  4 hobgoblins
  22 jackals
  34 kobolds
  2 quokkas
  4 ball pythons
  6 bats
  11 frilled lizards
  A jackal skeleton (D:6)
  A quokka zombie (D:5)
  4 rats
400 creatures vanquished.

Vanquished Creatures (others)
  A sky beast (D:11)
  A jelly (D:14)
  10 fungi
  24 plants (D:5)
  8 toadstools (D:7)
44 creatures vanquished.

Grand Total: 444 creatures vanquished

Notes
Turn   | Place    | Note
-------+----------+-------------------------------------------
     0 | D:1      | MajorAdolf the Naga Wanderer began the quest for the Orb.
     0 | D:1      | MajorAdolf set off with the following items: a +2 falchion,
                  | a +0 mace, a potion of lignification, a +0 robe, a +0
                  | dagger
     0 | D:1      | Reached XP level 1. HP: 19/19 MP: 1/1
   562 | D:1      | Reached XP level 2. HP: 26/26 MP: 2/2
  1220 | D:2      | Found a blossoming altar of Fedhas.
  1312 | D:2      | Noticed a necrophage
  1323 | D:2      | Killed a necrophage
  1324 | D:2      | Reached skill level 1 in Dodging
  1324 | D:2      | Reached XP level 3. HP: 28/34 MP: 3/3
  1324 | D:2      | Reached XP level 4. HP: 35/42 MP: 4/4
  1521 | D:2      | Reached XP level 5. HP: 49/49 MP: 5/5
  2258 | D:3      | Noticed Sigmund
  2266 | D:3      | Killed Sigmund
  2267 | D:3      | Reached skill level 5 in Long Blades
  2267 | D:3      | Reached XP level 6. HP: 34/57 MP: 6/6
  3502 | D:4      | Reached XP level 7. HP: 61/64 MP: 7/7
  3520 | D:4      | Found a glowing drain.
  3534 | Sewer    | Entered a sewer
  4685 | D:4      | Found a blossoming altar of Fedhas.
  4691 | D:4      | You fall into a shaft and drop 3 floors!
  4895 | D:7      | Reached XP level 8. HP: 24/73 MP: 8/8
  5323 | D:7      | Found a staircase to the Ecumenical Temple.
  5380 | D:7      | Reached skill level 5 in Fighting
  5380 | D:7      | Reached skill level 6 in Long Blades
  6404 | D:7      | Noticed a slime creature
  6405 | D:7      | Noticed a slime creature
  6405 | D:7      | Noticed a slime creature
  6514 | Temple   | Entered the Ecumenical Temple
  7439 | D:8      | Reached skill level 7 in Long Blades
  7686 | D:8      | Found an iron altar of Okawaru.
  7693 | D:8      | Reached XP level 9. HP: 81/82 MP: 9/9
  8284 | D:8      | Gained mutation: You are agile. (Dex +2) [potion of
                  | mutation]
  8284 | D:8      | Gained mutation: Your magical capacity is low. (-10% MP)
                  | [potion of mutation]
  8284 | D:8      | Gained mutation: You can exhale a cloud of poison. [potion
                  | of mutation]
  8284 | D:8      | Gained mutation: Your movements are slightly less
                  | encumbered by armour. (ER -2) [potion of mutation]
  8380 | D:8      | Reached skill level 5 in Armour
  8825 | D:8      | Found a broken altar of Ashenzari.
  8861 | D:8      | Reached skill level 8 in Long Blades
  8880 | D:8      | Found an iron altar of Okawaru.
  9162 | D:9      | Noticed a two-headed ogre
  9172 | D:8      | Killed a two-headed ogre
  9173 | D:8      | Reached skill level 9 in Long Blades
  9173 | D:8      | Reached skill level 5 in Dodging
  9920 | D:8      | Reached XP level 10. HP: 58/94 MP: 9/9
 10888 | D:9      | Reached skill level 10 in Long Blades
 11562 | D:9      | Found a staircase to the Lair.
 12055 | D:10     | Entered Level 10 of the Dungeon
 12689 | D:10     | Reached skill level 11 in Long Blades
 12756 | D:10     | Noticed an unseen horror
 12763 | D:10     | Killed an unseen horror
 13148 | D:10     | Noticed a deep elf mage
 13173 | D:10     | Killed a deep elf mage
 13519 | D:10     | Noticed a two-headed ogre
 13519 | D:10     | Noticed a stone giant
 13520 | D:10     | Found the +8 orange crystal plate armour {Archmagi, Int+3
                  | Clar}
 13520 | D:10     | Noticed a manticore
 13520 | D:10     | a two-headed ogre changed into a manticore
 13521 | D:10     | Noticed an eye of devastation
 13521 | D:10     | a manticore changed into an eye of devastation
 13527 | D:10     | Noticed a water nymph
 13527 | D:10     | an eye of devastation changed into a water nymph
 13528 | D:10     | Noticed a cyclops
 13528 | D:10     | a water nymph changed into a cyclops
 13530 | D:10     | Identified the ring of Qagied {Wiz +Inv rElec MP+9 Str-2}
 13530 | D:10     | Noticed an orc sorcerer
 13533 | D:10     | Killed a stone giant
 13534 | D:10     | Reached skill level 12 in Long Blades
 13534 | D:10     | Reached XP level 11. HP: 22/106 MP: 9/9
 13564 | D:10     | Identified the ring of Vapuzxom {*Tele rElec rPois}
 13564 | D:10     | Noticed a deep elf mage
 14076 | D:10     | Reached skill level 1 in Spellcasting
 14106 | D:10     | Killed a deep elf mage
 14547 | D:10     | Noticed a soul eater
 14550 | D:10     | Killed an orc sorcerer
 14596 | D:10     | Learned a level 4 spell: Summon Ice Beast
 14622 | D:11     | Found a frozen archway.
 14654 | IceCv    | Entered an ice cave
 14654 | IceCv    | Noticed a white ugly thing
 14680 | IceCv    | Found a transporter.
 14680 | IceCv    | Killed a white ugly thing
 14681 | IceCv    | Reached skill level 1 in Summonings
 14681 | IceCv    | Reached skill level 1 in Ice Magic
 15130 | IceCv    | Noticed a white ugly thing
 15138 | IceCv    | Killed a white ugly thing
 15139 | IceCv    | Found a transporter.
 15497 | D:11     | Noticed a sun demon
 15699 | D:11     | You fall into a shaft and drop 3 floors!
 15699 | D:14     | Noticed a red ugly thing
 15699 | D:14     | Noticed a red ugly thing
 15699 | D:14     | Noticed a deep elf mage
 15700 | D:14     | Noticed a red ugly thing
 15701 | D:14     | Noticed a cyclops
 16123 | D:14     | Found a gate to the Vaults.
 16123 | D:14     | Noticed a six-headed hydra
 16123 | D:14     | Noticed a vault guard
 16123 | D:14     | Noticed a vault guard
 16123 | D:14     | Noticed a vault guard
 16123 | D:14     | Noticed a tengu warrior
 16123 | D:14     | Noticed a vault guard
 16129 | D:14     | Noticed a deep elf mage
 16136 | D:14     | Killed a deep elf mage
 16137 | D:14     | Reached skill level 10 in Fighting
 16293 | D:14     | Killed a six-headed hydra
 16313 | D:14     | Noticed a two-headed ogre
 16331 | D:14     | Killed a two-headed ogre
 16332 | D:14     | Reached XP level 12. HP: 33/116 MP: 16/16
 16783 | D:14     | Killed a vault guard
 16837 | D:14     | Killed a vault guard
 16998 | D:14     | Killed a vault guard
 16999 | D:14     | Reached skill level 1 in Shields
 16999 | D:14     | Reached skill level 5 in Spellcasting
 17058 | D:14     | Reached skill level 5 in Summonings
 17079 | D:14     | Found a transporter.
 17079 | D:14     | Noticed an ogre mage
 17079 | D:14     | Noticed Kilet's ghost (adept GrEE)
 17079 | D:14     | Noticed an ogre mage
 17079 | D:14     | Noticed an eight-headed hydra
 17083 | D:15     | Entered Level 15 of the Dungeon
 17106 | D:15     | Reached skill level 5 in Ice Magic
 17364 | D:14     | Noticed a fire dragon
 17382 | D:14     | Identified the +5 short sword of the Original Sin {vorpal,
                  | Str-2 Dex+4 Stlth+}
 17563 | D:14     | Killed a vault guard
 17659 | D:14     | Noticed a four-headed hydra
 17668 | D:14     | Killed a four-headed hydra
 17688 | D:14     | Killed a tengu warrior
 17892 | D:14     | Reached skill level 5 in Shields
 17975 | D:14     | Noticed a boulder beetle
 17976 | D:14     | Found a transporter.
 18014 | D:14     | Gained mutation: You can use your snake-like lower body to
                  | constrict enemies. [Naga growth]
 18014 | D:14     | Reached XP level 13. HP: 70/123 MP: 20/20
 18311 | D:14     | Learned a level 1 spell: Magic Dart
 18400 | D:14     | Noticed Kirke
 18952 | D:13     | Noticed Urug
 18962 | D:13     | Killed Urug
 18963 | D:13     | Reached skill level 1 in Conjurations
 19397 | D:13     | Noticed an ogre mage
 19406 | D:13     | Killed an ogre mage
 20102 | D:12     | Found Wuveaxeu's Antique Armour Shoppe.
 20481 | D:7      | HP: 2/123 [very large slime creature (25)]
 21329 | D:6      | Found a glowing silver altar of Zin.
 21329 | D:6      | Found a burning altar of Makhleb.
 21330 | D:6      | Noticed an Executioner
 21330 | D:6      | Noticed an angel
 21681 | D:5      | Entered Level 5 of the Dungeon
 21788 | D:5      | Reached skill level 5 in Conjurations
 21931 | D:5      | Found an opulent altar of Gozag.
 21937 | D:5      | Became a worshipper of Gozag Ym Sagoz the Greedy
 22905 | D:4      | Found a sacrificial altar of Ru.
 23043 | Lair:1   | Entered Level 1 of the Lair of Beasts
 23107 | Lair:1   | Found a dark tunnel.
 23116 | Volcano  | Entered a volcano
 23799 | Volcano  | Found a bloodstained altar of Trog.
 23805 | Volcano  | Killed from afar by a salamander mystic

Illustrated notes

Levels and vault maps discovered:
D:1:      elethiomel_arrival_maze, layout_basic
D:2:      layout_basic, amcnicky_mini_corridor_feature, st_stairs_1,
          solitary_fountain, fedhas_altar_3
D:3:      layout_loops_ring, due_unseen_surprise, uniq_sigmund
D:4:      layout_loops_corners, amethyst_overflow_temple_binary,
          gup_sewer_entry_pipe
D:5:      kennysheep_kobold_camp, layout_rooms, grunt_gozag_statues
D:6:      layout_rooms, grunt_temple_overflow_order_and_chaos_2
D:7:      cheibrodos_fertilizer, layout_rooms, minmay_temple_entry_tees,
          hangedman_abyss_or_decor_jellyfish_corner
D:8:      layout_cave_pods, lemuel_coloured_pillars_altar,
          okawaru_ov_weapons_minmay, basic_altar
D:9:      layout_irregular_city, erik_lair_orcish_takeover
D:10:     minmay_the_grid_3x2 [minmay_the_grid_fan,
          minmay_the_grid_minigrid_medium, minmay_the_grid_plusring,
          minmay_the_grid_tri_star, minmay_the_grid_medium_cups,
          minmay_the_grid_prize_diamond_cup], layout_rooms,
          hangedman_abyss_or_decor_passed
D:11:     layout_roguey, portal_ice_cave_entry_pillars_1, chequers_avenue,
          uniq_erolcha
D:12:     layout_layer_cave, erik_orc_4, serial_shops, shop
D:13:     layout_cave_pods, uniq_urug
D:14:     layout_loops_ring, lightli_vaults_fourway_checkpoint, serial_shops,
          shop, hangedman_decor_opposing, gammafunk_ghost_arena, uniq_kirke
D:15:     gammafunk_enter_depths_forms, layout_loops_ring, uniq_nessos
Temple:   eino_wide_crystal_templ
Lair:1:   layout_cave_pods, nicolae_volcano_entry_lava_flow,
          chequers_serial_rivers_micro_d, grunt_megastairs_3
Volcano:  volcano_grotto [vgs_trial_by_fire]

Skill      XL: |  1  2  3  4  5  6  7  8  9 10 11 12 13 |
---------------+----------------------------------------+-----
Fighting       | 3 4 5 7 9 10 | 10.0
Armour         | 2 3 4 5 |  5.0
Dodging        | 1 2 3 4 5 |  5.0
Long Blades    | 5 7 9 12 | 12.4
Spellcasting   | 4 6 8 |  8.4
Summonings     | 4 5 |  5.0
Ice Magic      | 4 5 |  5.0
Shields        | 5 6 |  6.5
Conjurations   | 5 |  5.2
Stealth        | |  3.0

Action                   |  1- 3 |  4- 6 |  7- 9 | 10-12 | 13-15 || total
-------------------------+-------+-------+-------+-------+-------++-------
Melee: Falchion          |    78 |   144 |   438 |   579 |       ||  1239
       Long sword        |       |       |       |    51 |   458 ||   509
       Constrict         |       |       |       |       |    91 ||    91
 Abil: Spit Poison       |       |     1 |     8 |       |       ||     9
       Breathe Poison Ga |       |       |     7 |    55 |     8 ||    70
Evoke: Wand              |       |       |    17 |    15 |     7 ||    39
       Lightning rod     |       |       |       |     9 |       ||     9
  Use: Potion            |       |     1 |     1 |     5 |     2 ||     9
       Scroll            |       |     6 |    14 |    16 |     6 ||    42
 Stab: Sleeping          |     2 |       |       |       |       ||     2
       Distracted        |       |       |       |       |     1 ||     1
Armor: Robe              |     3 |       |       |       |       ||     3
       Chain mail        |    35 |   125 |   142 |       |       ||   302
       Plate armour      |       |       |   184 |    77 |       ||   261
       Crystal plate arm |       |       |       |   380 |   186 ||   566
       Skin              |       |       |       |     7 |       ||     7
Dodge: Dodged            |    29 |    48 |   201 |   164 |    18 ||   460
Block: Tower shield      |       |       |       |   102 |   351 ||   453
       Reflection        |       |       |       |       |    24 ||    24
       Rpst.: Falchion   |    13 |    11 |    68 |    55 |       ||   147
       Long sword        |       |       |       |     2 |     5 ||     7
